AoeStats
← Gehoee31

Black Forest

509530897Analyzed
3v3 RM · 7d ago on Sep 27, 2026· 90m 26s· 6 players
Game mode
Random Map
Map size
Normal (6 player)
Population
200
Speed
Normal
Resources
Standard
Victory
Conquest
Starting age
Dark Age
Ending age
Imperial Age
RankedLock teamsTeams togetherTeam positionsShared explorationLock speedFull tech treeHidden civsTurbo modeCheats
Victory
Defeat
🇦🇷 Burgundians · Argentina
671
+16
🇲🇽 Portuguese · Mexico
541
+21
🇨🇴 Magyars · Colombia
393
+27
🇺🇸 Spanish · United States
723
-23
🇺🇸 Romans · United States
699
-50
🇺🇸 Poles · United States
561
-25
koes08
11:28 Feudal Age
24:06 Wheelbarrow
23:22 Horse Collar
26:47 Castle Age
24:40 Man-at-Arms
27:34 Crossbowman
27:37 Elite Skirmisher
32:39 Imperial Age
32:06 Double-Bit Axe
37:14 Chemistry
36:39 Hand Cart
37:57 Capped Ram
39:27 Town Watch
39:07 Pikeman
42:10 Gold Mining
47:10 Bow Saw
55:16 Cavalier
PRIMUS INTER PARES
1:11 Loom
19:14 Feudal Age
21:40 Wheelbarrow
23:41 Double-Bit Axe
26:00 Horse Collar
27:00 Bloodlines
32:51 Castle Age
31:49 Scale Barding Armor
32:11 Gold Mining
33:59 Hand Cart
33:52 Husbandry
33:15 Light Cavalry
34:29 Stone Mining
35:15 Gold Shaft Mining
35:40 Caravan
36:33 Chain Barding Armor
36:57 Bow Saw
45:54 Imperial Age
49:57 Hussar
51:17 Heavy Plow
56:13 Chemistry
55:36 Ballistics
54:56 Heavy Cavalry Archer
56:02 Parthian Tactics
55:43 Thumb Ring
56:52 Two-Man Saw
59:20 Plate Barding Armor
58:36 Fletching
58:47 Padded Archer Armor
58:50 Scale Mail Armor
61:04 Bodkin Arrow
61:24 Leather Archer Armor
65:44 Elite Magyar Huszar
66:25 Corvinian Army
67:07 Conscription
67:31 Hoardings
81:02 Heated Shot
81:09 Murder Holes
81:28 Siege Engineers
81:36 Masonry
82:22 Chain Mail Armor
82:38 Ring Archer Armor
82:09 Bracer
Vollenbad
0:28 Loom
14:38 Feudal Age
15:19 Double-Bit Axe
18:37 Wheelbarrow
17:48 Town Watch
23:22 Castle Age
27:44 Hand Cart
27:39 Stone Mining
28:14 Gold Mining
29:32 Bow Saw
32:59 Murder Holes
33:14 Masonry
37:48 Imperial Age
36:12 Scale Barding Armor
36:35 Husbandry
37:10 Cavalier
39:24 Gold Shaft Mining
39:01 Forging
38:32 Horse Collar
39:55 Two-Man Saw
40:38 Chemistry
41:50 Conscription
42:49 Stone Shaft Mining
46:12 Fletching
46:23 Padded Archer Armor
46:23 Paladin
47:27 Bodkin Arrow
47:48 Leather Archer Armor
49:31 Hoardings
49:07 Burgundian Vineyards
49:49 Caravan
50:07 Light Cavalry
51:25 Bracer
51:50 Chain Barding Armor
52:22 Fortified Wall
53:19 Architecture
53:37 Iron Casting
53:38 Plate Barding Armor
57:24 Blast Furnace
56:24 Scale Mail Armor
75:03 Fervor
Gehoee31
0:53 Loom
13:58 Feudal Age
25:37 Castle Age
25:02 Double-Bit Axe
24:59 Horse Collar
25:13 Gold Mining
25:18 Stone Mining
25:20 Fletching
26:32 Scale Mail Armor
26:42 Scale Barding Armor
30:21 Caravan
32:04 Wheelbarrow
31:49 Bow Saw
36:26 Imperial Age
35:51 Town Watch
36:23 Bodkin Arrow
36:35 Heavy Plow
37:37 Stone Shaft Mining
37:35 Conscription
38:46 Forging
38:59 Hand Cart
40:36 Chemistry
40:16 Iron Casting
41:06 Two-Man Saw
40:02 Light Cavalry
41:16 Husbandry
42:21 Ballistics
42:50 Bloodlines
43:10 Murder Holes
43:41 Town Patrol
44:49 Fortified Wall
45:05 Chain Barding Armor
44:57 Elite Conquistador
46:44 Arrowslits
47:39 Plate Barding Armor
47:49 Masonry
49:48 Blast Furnace
49:49 Onager
50:31 Hussar
56:38 Bracer
60:39 Cavalier
64:22 Scale Mail Armor
67:08 Paladin
80:22 Chain Mail Armor
lDexterous
9:38 Loom
20:37 Feudal Age
21:00 Horse Collar
21:13 Double-Bit Axe
21:24 Stone Mining
21:25 Gold Mining
21:27 Town Watch
22:27 Wheelbarrow
25:00 Man-at-Arms
27:51 Castle Age
29:21 Squires
28:42 Pikeman
29:44 Forging
29:46 Scale Mail Armor
29:22 Long Swordsman
32:15 Iron Casting
31:38 Fletching
33:50 Bodkin Arrow
33:56 Padded Archer Armor
34:12 Chain Mail Armor
34:03 Scale Barding Armor
34:20 Caravan
35:04 Coinage
35:21 Heavy Plow
36:05 Masonry
36:29 Bow Saw
42:29 Imperial Age
40:43 Fortified Wall
41:20 Murder Holes
42:12 Hand Cart
44:30 Halberdier
46:25 Blast Furnace
45:41 Leather Archer Armor
45:27 Legionary
46:49 Ballistas
47:38 Town Patrol
48:47 Guilds
53:33 Banking
55:17 Ring Archer Armor
55:54 Guard Tower
56:38 Architecture
56:15 Siege Engineers
57:21 Elite Centurion
58:25 Cavalier
58:26 Light Cavalry
59:16 Bloodlines
59:06 Husbandry
59:58 Elite Skirmisher
59:59 Crossbowman
60:35 Heavy Cavalry Archer
61:06 Heavy Cavalry Archer
70:08 Keep
72:08 Clinker Construction
72:09 Careening
72:20 Ballistics
TheFoustAffectTTV
14:21 Feudal Age
21:32 Castle Age
22:32 Forging
22:28 Scale Barding Armor
25:37 Double-Bit Axe
26:46 Bow Saw
27:17 Iron Casting
26:43 Scale Mail Armor
28:39 Squires
41:09 Imperial Age
41:35 Arson
41:17 Elite Obuch
43:30 Light Cavalry
44:21 Bloodlines
44:12 Husbandry
44:40 Bloodlines
44:30 Husbandry
49:26 Winged Hussar
55:44 Lechitic Legacy
56:37 Blast Furnace
55:53 Chain Mail Armor
55:59 Chain Barding Armor
Connection lost

Rejoining the realm…

Still unreachable

The connection could not be restored.

Session expired

The server has moved on; the page needs a fresh start.